 Dungeon Crawl Stone Soup version 0.31-a0-435-g2c6fae2916 (webtiles) character file.

Game seed: 15946595572754177771

326 Maxmaps the Covert (level 6, 0/38 HPs)
             Began as an Octopode Shapeshifter on Aug 1, 2023.
             Slain by a gnoll
             ... wielding a +0 halberd
              (8 damage)
             ... on level 4 of the Dungeon.
             The game lasted 00:02:45 (2544 turns).

Maxmaps the Covert (Octopode Shapeshifter)          Turns: 2544, Time: 00:02:46

Health: 0/38       AC:  1    Str: 14    XL:     6   Next: 49%
Magic:  6/6        EV: 13    Int: 12    God:
Gold:   118        SH:  0    Dex: 13    Spells: 5/5 levels left

rFire   . . .        h - +1 dagger (venom)
rCold   . . .        (no shield)
rNeg    . . .        (helmet currently unavailable)
rPois   .            (no amulet)
rElec   .            (no ring)
rCorr   .            (no ring)
SInv    .            (no ring)
Will    .....        (no ring)
Stlth   +++++        (no ring)
HPRegen 0.26/turn    (no ring)
MPRegen 0.10/turn    (no ring)
                     (no ring)

%: no passive effects
@: beast-form
A: beast (slay +2), almost no armour, amphibious, 8 rings, camouflage 1,
gelatinous body 1, (nimble swimmer 1), tentacles
a: Begin Untransformation


You were on level 4 of the Dungeon.
You were a hulking beast.
You visited 1 branch of the dungeon, and saw 4 of its levels.

You collected 118 gold pieces.

Inventory:

Hand Weapons
 c - a +2 short sword of draining
 h - a +1 dagger of venom (weapon)
Jewellery
 e - a ring of see invisible
Talismans
 b - a beast talisman (active)
Scrolls
 d - 2 scrolls of identify {unknown}
 i - a scroll of acquirement {unknown}
 j - 2 scrolls of teleportation {unknown}
 k - a scroll of fear {unknown}
 n - 2 scrolls of enchant weapon {unknown}
Potions
 a - 3 potions of lignification
 f - a potion of mutation {unknown}
 g - a potion of might {unknown}
 l - a potion of cancellation {unknown}
 m - a potion of curing {unknown}


   Skills:
 - Level 1.3 Fighting
 + Level 1.1 Short Blades
 - Level 2.0 Dodging
 - Level 8.6 Stealth
 - Level 3.0 Unarmed Combat
 - Level 3.0 Shapeshifting


You had 5 spell levels left.
You didn't know any spells.
Your spell library contained the following spells:

 Spells                   Type           Power      Damage    Failure   Level
 Apportation              Tloc           0%         N/A       32%         1
 Freeze                   Ice            0%         1d3       32%         1
 Necrotise                Necr           0%         1d4       32%         1
 Sting                    Tmut/Pois      0%         1d3       32%         1
 Summon Small Mammal      Summ           0%         N/A       32%         1
 Poisonous Vapours        Pois/Air       0%         N/A       45%         2
 Frozen Ramparts          Ice            0%         1d1       69%         3
 Hailstorm                Conj/Ice       0%         3d3       69%         3
 Olgreb's Toxic Radiance  Pois           0%         N/A       97%         4


Dungeon Overview and Level Annotations

Branches:
Dungeon (4/15)
 Temple: D:4-7

Altars:
Ashenzari

Annotations:
D:3 2 transporters, shadowstone's ghost, amateur KoBr


Innate Abilities, Weirdness & Mutations

You are a hulking beast.
Your limbs bulge with bestial killing power. (Slay +2)
You cannot wear most types of armour.
You are amphibious.
You can wear up to eight rings at the same time.
Your skin changes colour to match your surroundings (Stealth+).
Your rubbery body absorbs attacks. (AC +1, EV +1)
((You are camouflaged when in or above water. (Stealth+)))
You have tentacles for arms and can constrict up to eight enemies at once.


Message History

You hit the gnoll.
The gnoll is poisoned.
Your grab misses the gnoll.
The gnoll is heavily wounded.
You hear a shout!
You hear an angry hiss.
The gnoll closely misses you.
You hit the gnoll.
The gnoll looks as sick as possible!
You grab the gnoll.
The gnoll is severely wounded.
You constrict the gnoll.
You kill the gnoll!
The gnoll hits you from afar with a +0 spear.
A gnoll comes into view. It is wielding a +0 halberd.
The gnoll closely misses you. The gnoll barely misses you.
You hit the gnoll but do no damage. Your grab misses the gnoll.
You hit the gnoll.
The gnoll is poisoned.
Your grab misses the gnoll.
The gnoll is moderately wounded.
The gnoll barely misses you.
You hit the gnoll.
The gnoll looks as sick as possible!
You grab the gnoll. Your squeeze misses the gnoll.
The gnoll is moderately wounded.
You constrict the gnoll.
The gnoll hits you from afar with a +0 halberd!
The gnoll misses you.
The gnoll hits you from afar with a +0 halberd.
You hit the gnoll.
The gnoll is almost dead.
You constrict the gnoll.
You kill the gnoll!
The gnoll closely misses you. x2
Your Short Blades skill increases to level 1!
The adder hisses angrily.
There is an open door here.
A gnoll opens the door.
It is wielding a +0 halberd.
You completely miss the adder. Your grab misses the adder.
The adder completely misses you.
You closely miss the adder. Your grab misses the adder. The adder bites you.
The gnoll hits you from afar with a +0 halberd!
* * * LOW HITPOINT WARNING * * *
Unknown command.
The adder barely misses you. The gnoll barely misses you.
The gnoll hits you with a +0 halberd!
You die...

#.. #..'...+ .########
#..##..#...# .........
!....#...# .........
....#...#####...[.... #g.
#..g...#........ ..##
##..##...g..'........ ....
#..)....###g#.....#######..
#..)....#..g......#.....#..
#.......#.hS......#.....+..
######..#....######.....#..
#..#....#...##'#####..
...#....#...#......#..
...+....#...#......###
##..#....#...###....##.
#..#....#...###....##.
#....#....#.....#..
#....#....#.....'..


You could see 2 gnolls and an adder.

Vanquished Creatures
  A black bear (D:4)
  A hound (D:2)
  An orc priest (D:3)
  An iguana (D:4)
  An orc wizard (D:2)
  4 adders
  2 gnolls (D:4)
  A dart slug (D:1)
  6 orcs
  6 ball pythons
  5 bats
  6 endoplasms
  6 giant cockroaches
  3 goblins
  2 hobgoblins
  6 jackals (D:3)
  2 quokkas (D:1)
  4 frilled lizards (D:2)
  4 kobolds
  A rat (D:1)
63 creatures vanquished.

Notes
Turn   | Place    | Note
-------+----------+-------------------------------------------
     0 | D:1      | Maxmaps the Octopode Shapeshifter began the quest for the
                  | Orb.
     0 | D:1      | Reached XP level 1. HP: 13/13 MP: 1/1
   112 | D:1      | Reached skill level 1 in Stealth
   184 | D:1      | Reached skill level 2 in Stealth
   205 | D:1      | Reached XP level 2. HP: 18/18 MP: 2/2
   491 | D:1      | Reached skill level 3 in Stealth
   935 | D:2      | Reached XP level 3. HP: 20/23 MP: 3/3
   937 | D:2      | Reached skill level 4 in Stealth
  1084 | D:2      | Found a faded altar of an unknown god.
  1122 | D:2      | Reached skill level 5 in Stealth
  1122 | D:2      | Reached XP level 4. HP: 19/28 MP: 4/4
  1608 | D:2      | Reached skill level 6 in Stealth
  1610 | D:2      | Reached XP level 5. HP: 23/33 MP: 5/5
  1764 | D:3      | Found a broken altar of Ashenzari.
  1863 | D:3      | Found a transporter.
  1866 | D:3      | Found a transporter.
  1866 | D:3      | Noticed an ogre
  1866 | D:3      | Noticed shadowstone's ghost (amateur KoBr)
  1866 | D:3      | Noticed an ogre
  1867 | D:3      | Identified the +9 great mace "Pushye Miji" {speed, rElec}
  1867 | D:3      | Noticed an ogre
  1913 | D:3      | Reached skill level 7 in Stealth
  2313 | D:4      | Noticed a black bear
  2323 | D:4      | Killed a black bear
  2324 | D:4      | Reached skill level 8 in Stealth
  2324 | D:4      | Reached XP level 6. HP: 11/38 MP: 6/6
  2530 | D:4      | Reached skill level 1 in Short Blades
  2544 | D:4      | Slain by a gnoll

Illustrated notes

Levels and vault maps discovered:
D:1:      dpeg_arrival_rhombi, layout_basic
D:2:      layout_rooms, shapermc_ecumenical_altar_flowoftime, minmay_tall_x
D:3:      layout_basic, nicolae_ashenzari_skybound, gammafunk_ghost_smash
D:4:      layout_gridville

Skill      XL: |  1  2  3  4  5  6 |
---------------+-------------------+-----
Stealth        | 2 3 5 6 8 |  8.6
Short Blades   | 1 |  1.1
Fighting       | |  1.3
Dodging        | |  2.0
Unarmed Combat | |  3.0
Shapeshifting  | |  3.0

Action                     |  1- 3 |  4- 6 || total
---------------------------+-------+-------++-------
  Melee: Short sword       |    12 |       ||    12
         Unarmed           |     2 |       ||     2
         Dagger            |    27 |    98 ||   125
         Constrict         |     3 |    32 ||    35
         Tentacles         |     3 |    27 ||    30
         Punch             |     2 |     5 ||     7
   Stab: Sleeping          |    11 |     6 ||    17
 Armour: Skin              |     2 |     4 ||     6
  Dodge: Dodged            |    23 |    82 ||   105

Table legend: (Time is in decaauts)
 A = Elapsed time spent in this place.
 B = Non-inter-level travel time spent in this place.
 C = Inter-level travel time spent in this place.
 D = Time resting spent in this place.
 E = Time spent auto-exploring this place.
 F = Levels seen in this place.
 G = Mean time per level.
                   A        B        C        D        E       F      G
               +--------+--------+--------+--------+--------+-----+--------+
         Total |   2544 |   2489 |     55 |    312 |   1736 |   4 |  636.0 |
       Dungeon |   2544 |   2489 |     55 |    312 |   1736 |   4 |  636.0 |
               +--------+--------+--------+--------+--------+-----+--------+

Top non-repeatable levels by time:
     D:1: 980 daAuts
     D:2: 655 daAuts
     D:3: 568 daAuts
     D:4: 340 daAuts
